 Dungeon Crawl Stone Soup version 0.29-a0-270-g1586fc07ea (webtiles) character file.

Game seed: 11919942751087389530

13831 Crownlay the Thaumaturge (level 12, -3/66 HPs)
             Began as an Octopode Earth Elementalist on Mar 7, 2022.
             Was an Elder of Vehumet.
             Slain by an ice devil (19 damage)
             ... summoned by a kobold demonologist
             ... on level 10 of the Dungeon.
             The game lasted 00:45:40 (14778 turns).

Crownlay the Thaumaturge (OpEE)                    Turns: 14778, Time: 00:45:40

Health: -3/66      AC:  1    Str:  8    XL:     12   Next: 10%
Magic:  15/27      EV: 13    Int: 21    God:    Vehumet [****..]
Gold:   817        SH:  0    Dex: 19    Spells: 12/33 levels left

rFire   + . .      SeeInvis .   E - +5 hunting sling (vorpal)
rCold   . . .      Faith    .   (no shield)
rNeg    + + .      Spirit   .   (helmet restricted)
rPois   .          Reflect  .   r - amulet of magic regeneration
rElec   .          Harm     .   i - +6 ring of dexterity
rCorr   +          Rampage  .   n - ring of wizardry
Will    +....                   g - ring "Fafithre" {rF+ rN++ rCorr}
Stlth   ++++......              s - ring of willpower
HPRegen 0.21/turn               (no ring)
MPRegen 0.60/turn               (no ring)
                                (no ring)
                                (no ring)

@: no status effects
A: almost no armour, amphibious, 8 rings, camouflage 1, gelatinous body 1,
(nimble swimmer 1), tentacles
a: Renounce Religion


You were on level 10 of the Dungeon.
You worshipped Vehumet.
Vehumet was greatly pleased with you.
You visited 2 branches of the dungeon, and saw 11 of its levels.
You also visited: Sewer and Bailey.

You collected 1435 gold pieces.
You spent 618 gold pieces at shops.

Inventory:

Hand Weapons
 m - the +8 whip "Snakebite" {venom, curare, rPois}
   (You found it on level 3 of the Dungeon)

   It poisons the flesh of those it strikes.
   It occasionally inflicts asphyxiating poison on those it strikes, dealing
   poison damage and causing slowness.
   rPois:     It protects you from poison.
 w - the +11 flail of Fae Subterfuge {freeze, Fly rF+ Will+ Str-4}
   (You found it on level 4 of the Dungeon)

   It freezes those it strikes, dealing additional cold damage.
   It can also slow down cold-blooded creatures.
   Str:       It affects your strength (-4).
   rF:        It protects you from fire.
   Fly:       It grants you flight.
   Will:      It increases your willpower.
 A - the +6 dagger "Hieh" {flame, rPois}
   (You found it on level 5 of the Dungeon)

   It burns those it strikes, dealing additional fire damage.
   rPois:     It protects you from poison.
 E - a +5 vorpal hunting sling (weapon)
Missiles
 a - 113 stones
Magical Staves
 o - a staff of earth
 y - a staff of conjuration
Jewellery
 g - the ring "Fafithre" (on tentacle) {rF+ rN++ rCorr}
   (You found it on level 3 of the Dungeon)

   [ring of resist corrosion]

   rF:        It protects you from fire.
   rN:        It greatly protects you from negative energy.
   rCorr:     It protects you from acid and corrosion.
 i - a +6 ring of dexterity (left tentacle)
 n - a ring of wizardry (right tentacle)
 r - an amulet of magic regeneration (around mantle)
 s - a ring of willpower (on tentacle)
 x - a ring of ice
Wands
 z - a wand of charming (6)
 C - a wand of paralysis (12)
Scrolls
 d - 6 scrolls of enchant armour
 f - 7 scrolls of teleportation
 h - 3 scrolls of fear
 j - 3 scrolls of fog
 p - 3 scrolls of amnesia
 v - a scroll of magic mapping
 B - a scroll of holy word {unknown}
Potions
 b - 4 potions of mutation
 c - a potion of brilliance
 e - 2 potions of might
 q - 4 potions of curing
 D - 2 potions of resistance
Miscellaneous
 u - a box of beasts


   Skills:
 - Level 2.1 Dodging
 - Level 3.0 Stealth
 * Level 11.3 Spellcasting
 + Level 7.9 Conjurations
 + Level 5.2 Summonings
 + Level 8.2 Transmutations
 + Level 8.2 Earth Magic


You had 12 spell levels left.
You knew the following spells:

 Your Spells              Type           Power      Damage    Failure   Level
a - Sandblast             Erth           92%        2d19      1%          1
b - Ozocubu's Armour      Ice            11%        N/A       7%          3
c - Stone Arrow           Conj/Erth      90%        3d12      1%          3
d - Spellforged Servitor  Conj/Summ      19%        N/A       30%         7
e - Orb of Destruction    Conj           22%        9d8       19%         7

Your spell library contained the following spells:

 Spells                   Type           Power      Damage    Failure   Level
 Irradiate                Conj/Tmut      22%        3d20      1%          5
 Magic Dart               Conj           100%       1d8       1%          1
 Call Imp                 Summ           33%        N/A       1%          2
 Passwall                 Tmut/Erth      38%        N/A       1%          2
 Static Discharge         Conj/Air       28%        N/A       1%          2
 Mephitic Cloud           Conj/Pois/Air  23%        N/A       1%          3
 Petrify                  Tmut/Erth      46%        N/A       1%          4
 Sticky Flame             Conj/Fire      28%        2d5       1%          4
 Summon Guardian Golem    Hex/Summ       22%        N/A       2%          3
 Lightning Bolt           Conj/Air       14%        1d27      3%          5
 Gell's Gravitas          Tloc           11%        N/A       7%          3
 Lesser Beckoning         Tloc           11%        N/A       7%          3
 Teleport Other           Tloc           11%        N/A       7%          3
 Dispel Undead            Necr           11%        3d9       22%         4
 Ozocubu's Refrigeration  Ice            5%         4d6       97%         7
 Borgnjor's Revivificati  Necr           5%         N/A       100%        8
 Maxwell's Capacitive Co  Air            5%         ∞         100%        8
 Necromutation            Tmut/Necr      14%        N/A       100%        8
 Death's Door             Necr           5%         N/A       100%        9


Dungeon Overview and Level Annotations

Branches:
Dungeon (10/15)            Temple (1/1) D:4             Orc (0/2) D:9
  Sewer (visited)          Bailey (visited)
   Lair: D:8-11

Altars:
Ashenzari
Fedhas
Hepliaklqana
Okawaru
Ru
Trog
Vehumet
Xom
Yredelemnul

Shops:
D:4 (*   D:6 !*[(?!


Innate Abilities, Weirdness & Mutations

You cannot wear most types of armour.
You are amphibious.
You can wear up to eight rings at the same time.
Your skin changes colour to match your surroundings (Stealth+).
Your rubbery body absorbs attacks. (AC +1, EV +1)
((You are camouflaged when in or above water. (Stealth+)))
You have tentacles for arms and can constrict up to eight enemies at once.


Message History

Confirm with . or Enter, or press ? or * to list all spells.
Aiming: Stone Arrow (safe; 1% risk of failure)
Press: ? - help, Shift-Dir - straight line, f/p - ice devil
Aim: an ice devil (lightly wounded, summoned, 76% to hit)
The stone arrow hits the ice devil!
The ice devil is moderately wounded.
The ice devil completely misses you.
The kobold demonologist casts a spell.
Casting: Stone Arrow (safe; 1% risk of failure)
Confirm with . or Enter, or press ? or * to list all spells.
Aiming: Stone Arrow (safe; 1% risk of failure)
Press: ? - help, Shift-Dir - straight line, f/p - ice devil
Aim: an ice devil (moderately wounded, summoned, 76% to hit)
The stone arrow misses the ice devil.
The stone arrow misses the kobold demonologist.
The stone arrow hits the smoke demon!!
The smoke demon is heavily wounded.
The ufetubus misses you. The ufetubus closely misses you.
The ice devil closely misses you.
The kobold demonologist mumbles some strange words.
Casting: Stone Arrow (safe; 1% risk of failure)
Confirm with . or Enter, or press ? or * to list all spells.
Aiming: Stone Arrow (safe; 1% risk of failure)
Press: ? - help, Shift-Dir - straight line, f/p - ice devil
Aim: an ice devil (moderately wounded, summoned, 76% to hit)
The stone arrow hits the ice devil!!
The ice devil is almost dead.
The ufetubus closely misses you. x3; The ufetubus hits you.
The ice devil closely misses you.
Casting: Stone Arrow (safe; 1% risk of failure)
Confirm with . or Enter, or press ? or * to list all spells.
Aiming: Stone Arrow (safe; 1% risk of failure)
Press: ? - help, Shift-Dir - straight line, f/p - ice devil
Aim: an ice devil (almost dead, summoned, 76% to hit)
The stone arrow hits the ice devil.
The ice devil is almost dead.
The ufetubus hits you. The ufetubus misses you. The ice devil hits you!
* * * LOW HITPOINT WARNING * * *
The ice devil freezes you!!
You die...

#######
##################
.................#
################.#
#...# ###5#######


#@4K3KKKK ######### You could see an ice devil (summoned), a kobold
demonologist, a smoke demon (summoned), 2 kobold brigands, an ufetubus
(summoned) and 2 kobolds.

Vanquished Creatures
  A freezing wraith (D:9)
  A hornet (D:7)
  Sigmund (D:2)
  9 yaks
  2 wyverns (D:9)
  A steam dragon (D:8)
  Eustachio (D:6)
  Grum (Bailey)
  Menkaure (D:5)
  An acid dragon (D:9)
  3 water moccasins
  2 ice beasts
  A black bear (D:6)
  2 orc warriors
  2 sky beasts (D:7)
  2 ogres (D:4)
  4 centaurs
  4 wolves (Bailey)
  A phantom (D:5)
  2 kobold brigands
  7 gnoll sergeants (Bailey)
  4 bullfrogs
  11 wights
  13 killer bees (D:7)
  A howler monkey (D:8)
  6 hounds
  2 jellies
  3 orc priests
  7 gnoll shamans
  4 orc wizards
  An iguana (D:5)
  A merfolk siren (Sewer)
  A merfolk avatar (Sewer)
  20 gnolls
  11 adders
  3 river rats (Sewer)
  3 shadow imps
  2 white imps
  2 ufetubi
  2 worms
  8 dart slugs
  41 orcs
  11 endoplasms
  5 giant cockroaches
  10 goblins
  11 hobgoblins
  5 jackals
  12 kobolds
  7 quokkas
  15 ball pythons
  7 bats
  7 frilled lizards
  26 rats
311 creatures vanquished.

Vanquished Creatures (others)
  16 plants
16 creatures vanquished.

Grand Total: 327 creatures vanquished

Notes
Turn   | Place    | Note
-------+----------+-------------------------------------------
     0 | D:1      | Crownlay the Octopode Earth Elementalist began the quest
                  | for the Orb.
     0 | D:1      | Reached XP level 1. HP: 11/11 MP: 3/3
   572 | D:1      | Reached XP level 2. HP: 17/17 MP: 3/5
   691 | D:1      | You fall into a shaft and drop 1 floor!
   800 | D:2      | Noticed Sigmund
   812 | D:2      | Killed Sigmund
   813 | D:2      | Reached skill level 4 in Spellcasting
   813 | D:2      | Reached XP level 3. HP: 7/21 MP: 2/8
   813 | D:2      | Reached XP level 4. HP: 9/27 MP: 2/10
   813 | D:2      | Reached XP level 5. HP: 11/31 MP: 2/11
  1149 | D:2      | Learned a level 3 spell: Stone Arrow
  1527 | D:2      | HP: 1/31 [poisoned by an adder]
  2004 | D:2      | Reached XP level 6. HP: 7/36 MP: 6/12
  3081 | D:1      | Found a faded altar of an unknown god.
  3618 | D:3      | Reached skill level 1 in Conjurations
  4002 | D:3      | Identified the ring "Fafithre" {rF+ rN++ rCorr}
  4327 | D:3      | Found the +8 whip "Snakebite" {venom, curare, rPois}
  4369 | D:3      | Found a hazy altar of Hepliaklqana.
  4752 | D:4      | Found a staircase to the Ecumenical Temple.
  4760 | Temple   | Entered the Ecumenical Temple
  4848 | Temple   | Became a worshipper of Vehumet
  4950 | D:4      | Reached skill level 5 in Spellcasting
  4950 | D:4      | Reached XP level 7. HP: 16/41 MP: 14/14
  5559 | D:4      | Reached skill level 5 in Earth Magic
  5722 | D:4      | Found Xyzxipio's Weapon Boutique.
  5770 | D:4      | Found Atsagh's General Store.
  5789 | D:4      | Bought a scroll of identify for 22 gold pieces
  5916 | D:4      | Identified the +11 flail of Fae Subterfuge {freeze, Fly rF+
                  | Will+ Str-4}
  6126 | D:5      | Entered Level 5 of the Dungeon
  6135 | D:5      | Reached XP level 8. HP: 46/46 MP: 14/16
  6190 | D:5      | Reached skill level 6 in Spellcasting
  6355 | D:5      | Reached * piety under Vehumet
  6355 | D:5      | Offered knowledge of Foxfire by Vehumet.
  6975 | D:5      | Noticed Menkaure
  6977 | D:5      | Killed Menkaure
  6987 | D:5      | Identified the +6 dagger "Hieh" {flame, rPois}
  7085 | D:6      | HP: 2/46 [poisoned by a water moccasin]
  7272 | D:6      | Found Jocvig's Distillery.
  7316 | D:6      | Noticed Eustachio
  7321 | D:6      | Killed Eustachio
  7332 | D:6      | Noticed a yak
  7336 | D:6      | Killed a yak
  7337 | D:6      | Reached skill level 7 in Spellcasting
  7381 | D:6      | Reached XP level 9. HP: 33/51 MP: 15/19
  7440 | D:6      | Found Gyuc's Lightly-Used Armoury.
  7556 | D:6      | Found Onayfiz's Weapon Emporium.
  7557 | D:6      | Found Jicipn's Distillery.
  7580 | D:6      | Found a glowing drain.
  7591 | Sewer    | Entered a sewer
  7840 | Sewer    | Reached ** piety under Vehumet
  7840 | Sewer    | Offered knowledge of Magic Dart by Vehumet.
  8237 | D:6      | Bought a potion of berserk rage for 55 gold pieces
  8237 | D:6      | Bought a potion of lignification for 33 gold pieces
  8237 | D:6      | Bought a potion of might for 44 gold pieces
  8237 | D:6      | Bought a potion of attraction for 33 gold pieces
  8338 | D:6      | Bought a potion of degeneration for 14 gold pieces
  8338 | D:6      | Bought a potion of curing for 42 gold pieces
  8338 | D:6      | Bought a potion of heal wounds for 70 gold pieces
  8538 | D:6      | Found Ulusuryk's Antique Armour Shoppe.
  8687 | D:6      | Found Rycirug's Magic Scroll Emporium.
  8692 | D:6      | Bought a scroll of identify for 28 gold pieces
  8692 | D:6      | Bought a scroll of identify for 28 gold pieces
  8861 | D:7      | Noticed a hornet
  8867 | D:7      | Reached skill level 5 in Transmutations
  8919 | D:7      | Found a flagged portal.
  8937 | Bailey   | Entered a bailey
  9130 | Bailey   | Offered knowledge of Ignite Poison by Vehumet.
  9450 | Bailey   | Reached skill level 8 in Spellcasting
  9451 | Bailey   | Reached skill level 5 in Conjurations
  9546 | Bailey   | Reached *** piety under Vehumet
  9666 | Bailey   | Noticed Grum
  9952 | Bailey   | Killed Grum
 10014 | Bailey   | Reached XP level 10. HP: 56/56 MP: 8/22
 10293 | D:7      | Found a blossoming altar of Fedhas.
 10321 | D:7      | Offered knowledge of Olgreb's Toxic Radiance by Vehumet.
 10596 | D:7      | Reached skill level 9 in Spellcasting
 10880 | D:7      | Reached skill level 1 in Summonings
 12444 | D:8      | Learned a level 3 spell: Ozocubu's Armour
 12483 | D:8      | Reached skill level 11 in Spellcasting
 12483 | D:8      | Reached XP level 11. HP: 61/61 MP: 23/26
 12772 | D:8      | Reached **** piety under Vehumet
 12851 | D:8      | Offered knowledge of Irradiate by Vehumet.
 13053 | D:4      | Bought a +3 vorpal hunting sling for 249 gold pieces
 13203 | D:9      | Reached skill level 5 in Summonings
 13429 | D:9      | Found a staircase to the Orcish Mines.
 13437 | D:9      | Reached XP level 12. HP: 66/66 MP: 27/27
 13714 | D:9      | HP: 2/66 [freezing wraith (8)]
 14356 | D:9      | Learned a level 7 spell: Spellforged Servitor
 14364 | D:9      | Learned a level 7 spell: Orb of Destruction
 14644 | D:9      | Identified the +1 robe of Saliogil {+Blink Fly Archmagi}
 14660 | D:10     | Entered Level 10 of the Dungeon
 14778 | D:10     | Slain by an ice devil

Illustrated notes

Levels and vault maps discovered:
D:1:      pf_arrival_petrified_forest, layout_basic,
          shapermc_ecumenical_altar_mp_highgroup, serial_bayou,
          serial_bayou_lagoon_b, serial_bayou_pond_e, serial_bayou_pond_a,
          serial_bayou_lake_a, hangedman_decor_push
D:2:      layout_basic, palyth_stone_intersect, uniq_sigmund
D:3:      kennysheep_slugbush, layout_basic, worldfamousw_hep_ancestral_shrine,
          minmay_joined_circles
D:4:      layout_basic, temple_pool_b, serial_shops, shop, kennysheep_mini_moat
D:5:      layout_basic, serial_curves, eino_curves_02, eino_curves_01,
          hangedman_abyss_or_decor_passed, uniq_menkaure
D:6:      layout_basic, portal_sewer_entry_a, serial_shops, nicolae_shop_stone,
          shop, kennysheep_little_box, nicolae_square_shop, shop,
          dreamdust_mushroom_princess, hellmonk_bongcloud_opening,
          minmay_shop_damaged, minmay_microvault, uniq_eustachio
D:7:      layout_loops_ring, fedhas_ov_isle_minmay, enter_bailey_5, eino_jars
D:8:      layout_cave_pools
D:9:      layout_irregular_city, david_orc_2, grunt_ministairs_8
D:10:     layout_basic, lair_entry_dummy, kennysheep_cross_room,
          lemuel_old_faithful, uniq_erica
Temple:   mainiacjoe_temple_cubbyholes

Skill      XL: |  1  2  3  4  5  6  7  8  9 10 11 |
---------------+----------------------------------+-----
Stealth        | 3 |  3.0
Spellcasting   | 4 5 7 8 11 | 11.3
Earth Magic    | 4 5 6 7 8 |  8.2
Conjurations   | 1 2 4 5 7 |  7.9
Transmutations | 2 3 4 5 7 8 |  8.2
Summonings     | 4 5 |  5.2
Dodging        | |  2.1

Action                   |  1- 3 |  4- 6 |  7- 9 | 10-12 || total
-------------------------+-------+-------+-------+-------++-------
Melee: Unarmed           |     7 |       |       |       ||     7
       Constrict         |     5 |    11 |       |       ||    16
       Tentacles         |     2 |     7 |       |       ||     9
       Short sword       |     3 |       |       |       ||     3
       Scythe            |       |    71 |       |       ||    71
       Staff             |       |     1 |       |       ||     1
       Punch             |       |     1 |       |       ||     1
       Hunting sling     |       |       |       |     2 ||     2
 Fire: Hunting sling     |       |    63 |   217 |    91 ||   371
Throw: Stone             |     4 |       |       |       ||     4
 Cast: Sandblast         |    16 |    49 |    29 |    66 ||   160
       Stone Arrow       |       |       |   129 |   104 ||   233
       Ozocubu's Armour  |       |       |       |     2 ||     2
  Use: Potion            |     1 |       |       |     2 ||     3
       Scroll            |       |     6 |     8 |     7 ||    21
 Stab: Sleeping          |     3 |    14 |       |       ||    17
Armor: Skin              |     2 |    12 |     5 |     3 ||    22
Dodge: Dodged            |     8 |    86 |    56 |    56 ||   206

Table legend: (Time is in decaauts)
 A = Elapsed time spent in this place.
 B = Non-inter-level travel time spent in this place.
 C = Inter-level travel time spent in this place.
 D = Time resting spent in this place.
 E = Time spent auto-exploring this place.
 F = Levels seen in this place.
 G = Mean time per level.
                   A        B        C        D        E       F      G
               +--------+--------+--------+--------+--------+-----+--------+
         Total |  15045 |  14352 |    693 |   1229 |   9154 |  13 | 1157.3 |
       Dungeon |  12944 |  12287 |    657 |    790 |   8423 |  10 | 1294.4 |
        Temple |    124 |     88 |     36 |      0 |     80 |   1 |  124.0 |
         Sewer |    661 |    661 |      0 |    142 |    161 |   1 |  661.0 |
        Bailey |   1314 |   1314 |      0 |    297 |    490 |   1 | 1314.0 |
               +--------+--------+--------+--------+--------+-----+--------+

Top non-repeatable levels by time:
     D:2: 2270 daAuts
     D:7: 1778 daAuts
     D:6: 1600 daAuts
     D:4: 1345 daAuts
  Bailey: 1314 daAuts
     D:3: 1296 daAuts
     D:9: 1269 daAuts
     D:1: 1264 daAuts
     D:8: 1040 daAuts
     D:5: 961 daAuts
   Sewer: 661 daAuts
  Temple: 124 daAuts
    D:10: 117 daAuts
